 Dungeon Crawl Stone Soup version 0.31.0-9-g3a7656b989 (webtiles) character file.

Game seed: 13510600219868678853

84 EnegeticOcto the Ruffian (level 4, 45/45 HPs)
             Began as a Troll Monk on Jan 31, 2024.
             Quit the game on level 3 of the Dungeon.
             The game lasted 00:01:07 (1975 turns).

EnegeticOcto the Ruffian (Troll Monk)               Turns: 1975, Time: 00:01:07

Health: 45/45      AC:  7    Str: 19    XL:     4   Next: 24%
Magic:  3/3        EV: 10    Int:  6    God:
Gold:   100        SH:  0    Dex: 14    Spells: 3/3 levels left

rFire   . .          .
                       - Unarmed
rCold   . . .        c - orb {light}
rNeg    . . .        a - +0 robe
rPois   .            (helmet restricted)
rElec   .            i - +2 cloak
rCorr   .            (gloves unavailable)
SInv    .            (boots unavailable)
Will    .....        (no amulet)
Stlth   +            (no ring)
HPRegen 1.07/turn    (no ring)
MPRegen 0.08/turn

%: no passive effects
@: glowing
A: large, unfitting armour, claws 3, regeneration 1, shaggy fur 1, tough skin 1
a: no special abilities


You were on level 3 of the Dungeon.
You visited 1 branch of the dungeon, and saw 3 of its levels.

You collected 100 gold pieces.

Inventory:

Armour
 a - a +0 robe (worn)
 c - an orb of light (worn)
 i - a +2 cloak (worn)
   (You found it on level 1 of the Dungeon)
Talismans
 g - a storm talisman
   (You found it on level 1 of the Dungeon)
Wands
 l - a wand of light (9) {@v1}
   (You found it on level 3 of the Dungeon)
Scrolls
 e - a scroll of identify {unknown}
 f - a scroll of noise {unknown}
 j - a scroll of brand weapon {unknown}
 m - a scroll of enchant armour
Potions
 b - a potion of ambrosia
 d - 3 potions of heal wounds {unknown}
 h - a potion of enlightenment {unknown}
 k - a potion of resistance {unknown}
 n - a potion of degeneration {unknown}


   Skills:
 + Level 3.0 Fighting
 + Level 2.9 Dodging
 * Level 4.2 Unarmed Combat


You had 3 spell levels left.
You didn't know any spells.
Your spell library contained the following spells:

 Spells                   Type           Power      Damage    Failure   Level
 Freeze                   Ice            0%         1d3       45%         1
 Frozen Ramparts          Ice            0%         1d1       83%         3
 Hailstorm                Conj/Ice       0%         3d5       83%         3
 Vhi's Electric Charge    Tloc/Air       0%         N/A       99%         4
 Arcjolt                  Conj/Air       0%         1d10      100%        5
 Plasma Beam              Fire/Air       0%         2x1d10    100%        6


Dungeon Overview and Level Annotations

Branches:
Dungeon (3/15) Zot: 16032

Altars:


Innate Abilities, Weirdness & Mutations

You are too large for most types of armour.
You have claws for hands.
Your natural rate of healing is unusually fast.
You are covered in fur. (AC +1)
You have tough skin. (AC +1)


Message History

You claw the endoplasm!
You kill the endoplasm!
No target in view!
No target in view!
No target in view!
No target in view!
No target in view!
No target in view!
Found a stone staircase leading up.
A ball python comes into view.
The ball python hisses angrily.
A ball python is nearby!
You claw the ball python!
You kill the ball python!
No target in view!
No target in view!
No target in view!
No target in view!
No target in view!
No target in view!
m - a scroll of enchant armour An endoplasm is nearby!
The endoplasm quivers.
You claw the endoplasm!
You kill the endoplasm!
No target in view!
No target in view!
No target in view!
No target in view!
No target in view!
A rat and 2 ball pythons come into view.
The ball python hisses angrily. x2
There are monsters nearby!
There are monsters nearby!
A frilled lizard comes into view.
Found a black potion.
The rat closely misses you.
You claw the rat!
You kill the rat!
The ball python bites you.
You scratch the ball python.
You kill the ball python!
The ball python bites you but does no damage.
You scratch the ball python.
The ball python is severely wounded.
The ball python barely misses you.
You completely miss the ball python.
The ball python is severely wounded.
The ball python bites you but does no damage.
You barely miss the ball python.
The ball python is severely wounded.
The ball python bites you but does no damage.
You scratch the ball python.
You kill the ball python!
You scratch the frilled lizard.
You kill the frilled lizard!
No target in view!
No target in view!
No target in view!
No target in view!
No target in view!
No target in view!
n - a black potion You open the door.
An orc comes into view. It is wielding a +0 short sword.
The orc shouts!
You hear a shout!
You hear an angry hiss.
An orc is nearby!
An orc is nearby!
A ball python comes into view.
The ball python closely misses you.
There is an open door here.
You claw the ball python!
You kill the ball python!
Found a faded altar of an unknown god.
The orc barely misses you.
You barely miss the orc. The orc hits you with a +0 short sword.
You barely miss the orc. The orc hits you with a +0 short sword.
You scratch the orc.
The orc is severely wounded.
The orc closely misses you.
You barely miss the orc.
The orc is heavily wounded.
The orc closely misses you.
You scratch the orc.
You kill the orc!
Your Fighting skill increases to level 3!
No target in view!
No target in view!
No target in view!
No target in view!
No target in view!
No target in view!
No target in view!
No target in view!
HP restored.
Things that are here:
a +0 short sword; a +0 leather armour; an orc corpse A goblin comes into view.
It is wielding a +0 dagger.
There is a faded altar of an unknown god here.
This altar belongs to (a) Hepliaklqana, (b) Dithmenos or (c) Zin, but you can't tell which.
Press the corresponding letter to learn more about a god, or press enter to convert or escape to cancel.
Okay, then.
Are you sure you want to abandon this character and quit the game? (Confirm with "yes".)

###########
#.........#
#....≈....#
#.≈..≈..≈)#
#.≈..≈..≈.###
.'####@####'.#
#.§.g≈..≈.#.#
#.≈..≈..≈.#.########
#....≈....#.........
#.........##......##
############........
..........####..#
.#######..# .#
##.#####. .##


You could see a goblin.

Vanquished Creatures
  An adder (D:3)
  A dart slug (D:1)
  5 ribbon worms (D:2)
  An orc (D:3)
  8 endoplasms
  5 giant cockroaches
  3 goblins
  6 hobgoblins
  3 jackals (D:1)
  2 kobolds
  A quokka (D:1)
  7 ball pythons
  5 bats
  2 frilled lizards (D:3)
  7 rats
57 creatures vanquished.

Notes
Turn   | Place    | Note
-------+----------+-------------------------------------------
     0 | D:1      | EnegeticOcto the Troll Monk began the quest for the Orb.
     0 | D:1      | Reached XP level 1. HP: 22/22 MP: 0/0
   111 | D:1      | Reached XP level 2. HP: 21/29 MP: 1/1
   360 | D:1      | Reached XP level 3. HP: 28/36 MP: 2/2
  1469 | D:2      | Reached skill level 4 in Unarmed Combat
  1841 | D:3      | Reached XP level 4. HP: 44/44 MP: 3/3
  1960 | D:3      | Found a faded altar of an unknown god.
  1966 | D:3      | Reached skill level 3 in Fighting
  1975 | D:3      | Quit the game

Illustrated notes

Levels and vault maps discovered:
D:1:      minmay_arrival_split_and_join, layout_basic
D:2:      layout_basic, minivault_26
D:3:      layout_rooms, general_overflow_altar,
          shapermc_ecumenical_altar_notcrosses

Skill      XL: |  1  2  3  4 |
---------------+-------------+-----
Unarmed Combat | 4 |  4.2
Fighting       | 3 |  3.0
Dodging        | |  2.9

Action                     |  1- 3 |  4- 6 || total
---------------------------+-------+-------++-------
  Melee: Unarmed           |    89 |    17 ||   106
    Use: Scroll            |     2 |       ||     2
 Armour: Robe              |    65 |     6 ||    71
  Dodge: Dodged            |    38 |     7 ||    45

Table legend:
 A = Kills in this place as a percentage of kills in the entire game.
 B = Kills by you in this place as a percentage of kills by you in the entire game.
 C = Kills by friends in this place as a percentage of kills by friends in the entire game.
 D = Other kills in this place as a percentage of other kills in the entire game.
 E = Experience gained in this place as a percentage of experience gained in the entire game.
 F = Experience gained in this place divided by the number of levels of this place that you have seen.
                   A       B       C       D       E      F
               +-------+-------+-------+-------+-------+----------------------
         Total | 100.0 | 100.0 |   N/A |   N/A | 100.0 |  40.3
       Dungeon | 100.0 | 100.0 |   N/A |   N/A | 100.0 |  40.3
               +-------+-------+-------+-------+-------+----------------------

Table legend: (Time is in decaauts)
 A = Elapsed time spent in this place.
 B = Non-inter-level travel time spent in this place.
 C = Inter-level travel time spent in this place.
 D = Time resting spent in this place.
 E = Time spent auto-exploring this place.
 F = Levels seen in this place.
 G = Mean time per level.
                   A        B        C        D        E       F      G
               +--------+--------+--------+--------+--------+-----+--------+
         Total |   1967 |   1838 |    129 |      0 |   1575 |   3 |  655.7 |
       Dungeon |   1967 |   1838 |    129 |      0 |   1575 |   3 |  655.7 |
               +--------+--------+--------+--------+--------+-----+--------+

Top non-repeatable levels by time:
     D:2: 1073 daAuts
     D:1: 741 daAuts
     D:3: 153 daAuts
